AoeStats
← Pallesen

Arena

508516487Analyzed
4v4 RM · 10d ago on Sep 22, 2026· 52m 8s· 8 players
Game mode
Random Map
Map size
Large (8 player)
Population
200
Speed
Normal
Resources
Standard
Victory
Conquest
Starting age
Dark Age
Ending age
Imperial Age
RankedLock teamsTeams togetherTeam positionsShared explorationLock speedFull tech treeHidden civsTurbo modeCheats
Victory
Defeat
🇩🇪 Byzantines · Germany
1308
+13
🇩🇪 Persians · Germany
1283
+14
🇫🇷 Franks · France
1257
+15
🇫🇷 Khmer · France
1150
+19
🇪🇸 Random · Spain
1261
-16
🇷🇺 Jurchens · Russia
1244
-16
🇩🇰 Goths · Denmark
1230
-15
🇨🇳 Spanish · China
1198
-14
[UNZ] SmellyCoder70
10:27 Feudal Age
11:07 Double-Bit Axe
11:11 Horse Collar
11:18 Loom
18:24 Castle Age
17:42 Wheelbarrow
18:20 Stone Mining
18:21 Gold Mining
21:24 Loom
26:00 Imperial Age
26:13 Gold Shaft Mining
26:24 Heavy Plow
26:37 Bow Saw
26:46 Town Watch
27:07 Squires
26:53 Arson
27:14 Scale Mail Armor
27:24 Forging
27:46 Hand Cart
29:28 Two-Man Saw
31:22 Murder Holes
31:48 Ballistics
31:09 Treadmill Crane
31:50 Fletching
33:52 Husbandry
34:03 Bloodlines
34:02 Scale Barding Armor
33:37 Light Cavalry
36:03 Conscription
47:50 Bodkin Arrow
50:55 Bracer
50:24 Cranequins
51:35 Thumb Ring
Pallesen
1:12 Loom
11:06 Feudal Age
16:20 Castle Age
14:10 Double-Bit Axe
14:07 Horse Collar
15:00 Stone Mining
20:03 Wheelbarrow
25:16 Hand Cart
25:36 Heavy Plow
25:56 Bow Saw
25:58 Gold Mining
27:08 Forging
26:58 Scale Mail Armor
28:00 Pikeman
28:43 Squires
28:45 Anarchy
32:18 Imperial Age
30:24 Chain Mail Armor
31:02 Iron Casting
34:40 Blast Furnace
33:15 Capped Ram
34:04 Perfusion
35:50 Crop Rotation
35:07 Elite Huskarl
35:14 Halberdier
42:12 Conscription
47:37 Fletching
51:00 Man-at-Arms
我很牛逼
11:04 Feudal Age
10:17 Loom
15:30 Castle Age
13:49 Double-Bit Axe
14:21 Horse Collar
25:09 Heavy Plow
30:11 Imperial Age
30:56 Scale Barding Armor
31:01 Forging
30:56 Scale Barding Armor
31:01 Forging
31:21 Conscription
31:45 Husbandry
31:56 Bloodlines
33:00 Cavalier
35:14 Iron Casting
34:59 Chain Barding Armor
35:14 Iron Casting
37:18 Blast Furnace
37:43 Paladin
39:38 Plate Barding Armor
42:37 Wheelbarrow
45:34 Hand Cart
47:11 Bow Saw
47:49 Light Cavalry
50:01 Chemistry
50:00 Hussar
51:57 Two-Man Saw
Mr. Penis
10:42 Feudal Age
15:04 Castle Age
13:03 Double-Bit Axe
13:05 Horse Collar
16:23 Bow Saw
17:55 Fervor
18:58 Wheelbarrow
20:54 Sanctity
21:16 Heavy Plow
23:46 Gold Mining
24:45 Loom
25:15 Hand Cart
24:46 Town Watch
27:23 Stone Mining
28:09 Gold Shaft Mining
28:47 Town Patrol
31:53 Imperial Age
30:20 Stone Shaft Mining
30:35 Fortified Wall
31:58 Siege Engineers
32:54 Ballistics
32:15 Treadmill Crane
32:46 Masonry
34:55 Two-Man Saw
34:26 Crop Rotation
35:04 Conscription
34:55 Thunderclap Bombs
36:12 Chemistry
35:45 Architecture
35:01 Arrowslits
37:20 Guilds
37:40 Coinage
37:11 Caravan
38:11 Hoardings
37:37 Fortified Bastions
38:36 Murder Holes
39:12 Scale Barding Armor
39:18 Forging
38:59 Fletching
43:54 Banking
43:45 Chain Barding Armor
44:01 Iron Casting
43:21 Bodkin Arrow
42:58 Elite Iron Pagoda
44:27 Bloodlines
44:19 Husbandry
47:27 Plate Barding Armor
47:53 Blast Furnace
46:54 Bracer
Elfufu
10:45 Feudal Age
14:39 Castle Age
13:16 Double-Bit Axe
19:58 Fortified Wall
21:03 Horse Collar
23:03 Bow Saw
23:54 Heavy Plow
24:44 Gold Mining
28:47 Husbandry
31:20 Imperial Age
29:45 Scale Barding Armor
29:55 Loom
31:29 Chain Barding Armor
31:52 Bloodlines
32:07 Elite Ballista Elephant
34:25 Crop Rotation
35:45 Gold Shaft Mining
35:39 Ballistics
36:21 Chemistry
38:54 Conscription
43:45 Plate Barding Armor
46:36 Double Crossbow
48:31 Stone Mining
Le Miel Jospin
10:12 Feudal Age
14:06 Castle Age
13:08 Double-Bit Axe
15:14 Bow Saw
26:33 Imperial Age
24:48 Scale Mail Armor
25:12 Gold Mining
25:49 Forging
26:33 Chain Mail Armor
28:52 Chemistry
29:18 Plate Mail Armor
30:06 Conscription
29:41 Elite Throwing Axeman
31:53 Iron Casting
31:46 Masonry
34:14 Blast Furnace
33:39 Fortified Wall
33:59 Architecture
39:24 Ballistics
38:56 Fletching
39:14 Murder Holes
40:02 Gold Shaft Mining
39:18 Stone Mining
39:15 Loom
40:18 Wheelbarrow
40:53 Scale Barding Armor
43:37 Siege Engineers
46:41 Cavalier
47:21 Husbandry
47:43 Chain Barding Armor
47:27 Squires
47:13 Arson
48:43 Bodkin Arrow
51:38 Paladin
Nahiru
10:33 Feudal Age
14:26 Castle Age
12:58 Double-Bit Axe
12:54 Horse Collar
15:20 Bow Saw
15:12 Heavy Plow
19:31 Wheelbarrow
20:22 Fortified Wall
25:38 Hand Cart
26:16 Stone Mining
30:31 Imperial Age
28:42 Stone Shaft Mining
27:58 Gold Mining
28:33 Forging
28:27 Loom
28:52 Scale Barding Armor
30:13 Iron Casting
30:38 Gold Shaft Mining
29:53 Treadmill Crane
30:20 Husbandry
31:25 Chain Barding Armor
31:53 Coinage
31:59 Conscription
31:00 Elite Cataphract
32:26 Guilds
33:57 Chemistry
34:17 Plate Barding Armor
35:35 Fletching
36:08 Ballistics
36:26 Logistica
37:06 Bodkin Arrow
39:47 Hoardings
45:04 Bracer
49:42 Scale Mail Armor
51:16 Pikeman
51:57 Squires
Starboii
10:44 Feudal Age
14:38 Castle Age
12:55 Double-Bit Axe
16:31 Wheelbarrow
16:51 Horse Collar
18:23 Bow Saw
18:06 Loom
21:43 Hand Cart
29:57 Imperial Age
32:50 Husbandry
33:00 Bloodlines
33:41 Cavalier
35:35 Two-Man Saw
34:37 Heavy Plow
35:16 Forging
35:11 Scale Barding Armor
35:38 Gold Mining
35:39 Stone Mining
37:38 Iron Casting
37:24 Chain Barding Armor
37:30 Chain Barding Armor
38:03 Stone Shaft Mining
38:03 Gold Shaft Mining
38:17 Savar
45:45 Light Cavalry
46:36 Hussar
48:19 Blast Furnace
48:02 Plate Barding Armor
49:04 Heavy Camel Rider
50:14 Squires
49:37 Pikeman
51:24 Halberdier
Connection lost

Rejoining the realm…

Still unreachable

The connection could not be restored.

Session expired

The server has moved on; the page needs a fresh start.